General information
- name: BNet
- type: Ladder team game (AT/RT)
- host: Battle.net
- saver: TIMG4STRok
map: PhantomGrove
- players: 4
- length: 17:26
- speed: Fast
- version: 1.21 W3XP
- replay type:

» download(105 KB)
Players
team 1 (winner)

»
iggy_the_fisk (
orange | 116 APM | 2021 actions | 17:25)
4 Demon Hunter
2 Mana Burn
2 Evasion
3 Naga Sea Witch
2 Frost Arrows
1 Forked Lightning
» actions
| Assign group hotkey | 173 | |
| Basic commands | 23 | |
| Build / train | 71 | |
| Enter build submenu | 14 | |
| Enter hero's abilities submenu | 7 | |
| Remove unit from queue | 2 | |
| Right click | 967 | |
| Select / deselect | 262 | |
| Select group hotkey | 399 | |
| Use ability | 103 | |
2021 total
» units
| Wisp | 18 | |
| Huntress | 4 | |
| Dryad | 16 | |
| Druid of the Claw | 3 | |
41 total
» upgrades
| Druid of the Claw Training | 3 | |
| Abolish Magic | 1 | |
4 total
» buildings
| Altar of Elders | 1 | |
| Moon Well | 6 | |
| Ancient of War | 1 | |
| Hunter's Hall | 1 | |
| Tree of Ages | 1 | |
| Ancient of Lore | 2 | |
| Tree of Eternity | 1 | |
| Ancient of Wonders | 1 | |
| Tree of Life | 1 | |
15 total
» build order
00:07 Altar of Elders
00:20 Moon Well
01:38 Ancient of War
01:41 Hunter's Hall
01:58 Moon Well
03:31 Tree of Ages
04:45 Moon Well
05:57 Ancient of Lore
05:59 Ancient of Lore
07:09 Tree of Eternity
07:36 Moon Well
07:40 Ancient of Wonders
09:50 Moon Well
11:09 Moon Well
12:52 Tree of Life
» items
| Scroll of Town Portal | 2 | |
| Orb of Venom | 2 | |
| Staff of Preservation | 2 | |
| Boots of Speed | 1 | |
| Circlet of Nobility | 1 | |
| Potion of Healing | 2 | |
10 total

»
TIMG4STRok (
red | 145 APM | 2530 actions | 17:26)
5 Archmage
3 Summon Water Elemental
2 Brilliance Aura
3 Mountain King
2 Storm Bolt
1 Bash
2 Paladin
1 Holy Light
1 Divine Shield
» actions
| Assign group hotkey | 40 | |
| Basic commands | 94 | |
| Build / train | 83 | |
| ESC pressed | 1 | |
| Enter build submenu | 25 | |
| Enter hero's abilities submenu | 11 | |
| Give item / drop item | 4 | |
| Right click | 1159 | |
| Select / deselect | 239 | |
| Select group hotkey | 765 | |
| Use ability | 109 | |
2530 total
» units
| Peasant | 17 | |
| Footman | 15 | |
| Sorceress | 2 | |
| Priest | 2 | |
| Spell Breaker | 4 | |
40 total
» upgrades
| Defend | 1 | |
| Masonry | 3 | |
| Sorceress Training | 2 | |
| Lumber Harvesting | 1 | |
| Priest Training | 2 | |
| Control Magic | 1 | |
| Magic Sentry | 1 | |
| Plating | 1 | |
12 total
» buildings
| Altar of Kings | 1 | |
| Barracks | 1 | |
| Farm | 8 | |
| Scout Tower | 8 | |
| Arcane Tower | 2 | |
| Lumber Mill | 1 | |
| Town Hall | 1 | |
| Guard Tower | 2 | |
| Arcane Vault | 1 | |
| Keep | 1 | |
| Arcane Sanctum | 2 | |
| Castle | 1 | |
| Blacksmith | 1 | |
30 total
» build order
00:13 Altar of Kings
00:16 Barracks
00:28 Farm
01:05 Farm
01:39 Scout Tower
01:59 Farm
02:22 Arcane Tower
02:56 Lumber Mill
03:51 Town Hall
03:54 Scout Tower
03:55 Scout Tower
04:04 Farm
04:28 Guard Tower
05:30 Arcane Vault
05:34 Arcane Tower
06:16 Keep
06:19 Farm
07:50 Scout Tower
07:51 Scout Tower
07:56 Scout Tower
07:57 Scout Tower
08:00 Scout Tower
08:47 Guard Tower
08:50 Arcane Sanctum
08:51 Arcane Sanctum
09:54 Farm
10:32 Castle
11:01 Farm
13:11 Blacksmith
14:39 Farm
» items
| Scroll of Regeneration | 2 | |
| Scroll of Town Portal | 3 | |
| Boots of Speed | 1 | |
| Scroll of Healing | 1 | |
| Scroll of Protection | 1 | |
| Potion of Healing | 3 | |
| Staff of Sanctuary | 1 | |
12 total
team 2 (loser)
mistah.badboy (
blue | 83 APM | 1436 actions | 17:23)
4 Death Knight
2 Death Coil
2 Unholy Aura
2 Lich
1 Frost Nova
1 Frost Armor
» actions
| Assign group hotkey | 56 | |
| Build / train | 46 | |
| Enter build submenu | 12 | |
| Enter hero's abilities submenu | 6 | |
| Give item / drop item | 4 | |
| Right click | 605 | |
| Select / deselect | 304 | |
| Select group hotkey | 350 | |
| Use ability | 53 | |
1436 total
» units
| Acolyte | 4 | |
| Ghoul | 2 | |
| Crypt Fiend | 16 | |
| Obsidian Statue | 3 | |
| Frost Wyrm | 1 | |
26 total
» upgrades
| Creature Attack | 1 | |
| Destroyer Form | 1 | |
2 total
» buildings
| Crypt | 1 | |
| Altar of Darkness | 1 | |
| Ziggurat | 5 | |
| Graveyard | 1 | |
| Tomb of Relics | 1 | |
| Nerubian Tower | 1 | |
| Halls of the Dead | 1 | |
| Slaughterhouse | 1 | |
| Black Citadel | 1 | |
| Sacrificial Pit | 1 | |
| Boneyard | 1 | |
15 total
» build order
00:10 Crypt
00:12 Altar of Darkness
00:23 Ziggurat
00:58 Graveyard
01:29 Tomb of Relics
01:54 Ziggurat
02:03 Nerubian Tower
03:46 Ziggurat
04:38 Halls of the Dead
06:02 Ziggurat
08:18 Slaughterhouse
08:57 Ziggurat
08:59 Black Citadel
12:38 Sacrificial Pit
13:50 Boneyard
» items
| Rod of Necromancy | 2 | |
| Dust of Appearance | 1 | |
| Healing Salve | 1 | |
| Lesser Clarity Potion | 1 | |
| Scroll of Town Portal | 2 | |
7 total
terrorWR1ST (
yellow | 68 APM | 1189 actions | 17:25)
2 Shadow Hunter
1 Healing Wave
1 Hex
4 Far Seer
2 Feral Spirit
2 Chain Lighting
» actions
| Assign group hotkey | 28 | |
| Build / train | 56 | |
| Enter build submenu | 12 | |
| Enter hero's abilities submenu | 6 | |
| Give item / drop item | 1 | |
| Remove unit from queue | 5 | |
| Right click | 627 | |
| Select / deselect | 268 | |
| Select group hotkey | 114 | |
| Use ability | 72 | |
1189 total
» units
| Peon | 7 | |
| Grunt | 6 | |
| Raider | 1 | |
| Wind Rider | 8 | |
22 total
» upgrades
| Berserker Strength | 1 | |
| Ensnare | 1 | |
| Envenomed Spears | 1 | |
| Ranged Weapons | 1 | |
4 total
» buildings
| Altar of Storms | 1 | |
| Orc Burrow | 5 | |
| Barracks | 1 | |
| Stronghold | 1 | |
| Voodoo Lounge | 1 | |
| Fortress | 1 | |
| Beastiary | 2 | |
| War Mill | 1 | |
| Tauren Totem | 1 | |
14 total
» build order
00:06 Altar of Storms
00:18 Orc Burrow
01:00 Barracks
01:31 Orc Burrow
03:12 Stronghold
03:34 Voodoo Lounge
05:37 Orc Burrow
05:40 Fortress
05:43 Beastiary
05:47 Beastiary
07:04 Orc Burrow
09:12 War Mill
13:23 Orc Burrow
14:34 Tauren Totem
» items
| Healing Salve | 3 | |
| Lesser Clarity Potion | 3 | |
| Scroll of Speed | 3 | |
| Scroll of Town Portal | 1 | |
10 total
Chat log
(00:17 / All) TIMG4STRok: glk hf
(00:31 / Allies) iggy_the_fisk: you hear me on vent?
(00:40 / Allies) TIMG4STRok: can you hear me
(00:43 / Allies) TIMG4STRok: hello
(00:45 / Allies) iggy_the_fisk: nopeaa
(01:01 / Allies) TIMG4STRok: w/e
(01:04 / Allies) iggy_the_fisk: yeao
(03:42 / Allies) TIMG4STRok: any gold.
(15:21 / Allies) TIMG4STRok: Focus dk maybe
(15:23 / Allies) TIMG4STRok: i got bolt light
(15:27 / Allies) iggy_the_fisk: k
(17:22 / All) mistah.badboy: gg
(17:24 / All) terrorWR1ST: gg